 Dungeon Crawl Stone Soup version 0.30.0-19-g36f170ea60 (webtiles) character file.

Game seed: 6504326161252674138

28802 cdecastro the Basher (level 13, 0/91 HPs)
             Began as a Human Necromancer on May 27, 2023.
             Was a High Priest of Cheibriados.
             Slain by a vault guard
             ... wielding a +3 bardiche
              (21 damage)
             ... on level 13 of the Dungeon on May 28, 2023.
             The game lasted 01:19:03 (14036 turns).

cdecastro the Basher (Human Necromancer)           Turns: 14036, Time: 01:19:05

Health: 0/91       AC: 20    Str: 29    XL:     13   Next: 76%
Magic:  22/22      EV: 13    Int: 36    God:    Cheibriados [*****.]
Gold:   723        SH:  0    Dex: 36    Spells: 3/22 levels left

rFire   + + .        T - +11 hammer of Absolution {freeze, rElec rC+ Str+2 Dex+4}
rCold   + . .        (no shield)
rNeg    . . .        x - +2 ring mail {rPois}
rPois   +            M - +1 helmet
rElec   +            S - +0 cloak
rCorr   .            E - +0 pair of gloves
SInv    .            J - +2 pair of boots
Will    .....        n - amulet of magic regeneration
Stlth   +++          r - +4 ring of protection
HPRegen 0.35/turn    D - ring of Terra Nullius {rF++ Str+2 Int+5 Dex+6}
MPRegen 0.58/turn

%: no passive effects
@: very slow
A: no striking features
a: Renounce Religion, Bend Time, Temporal Distortion, Slouch, Step From Time


You were on level 13 of the Dungeon.
You worshipped Cheibriados.
Cheibriados was extremely pleased with you.
You visited 2 branches of the dungeon, and saw 14 of its levels.
You also visited: Bailey.

You collected 723 gold pieces.

Inventory:

Hand Weapons
 Q - a +3 bardiche of pain
 T - the +11 hammer of Absolution (weapon) {freeze, rElec rC+ Str+2 Dex+4}
   (You found it on level 7 of the Dungeon)

   Str:       It affects your strength (+2).
   Dex:       It affects your dexterity (+4).
   rC:        It protects you from cold.
   rElec:     It insulates you from electricity.
Missiles
 C - 2 silver boomerangs
 L - 13 boomerangs (quivered)
 R - 4 curare-tipped darts
Armour
 x - a +2 ring mail of poison resistance (worn)
 E - a +0 pair of gloves (worn)
 J - a +2 pair of boots (worn)
 M - a +1 helmet (worn)
 S - a +0 cloak (worn)
Magical Staves
 e - a staff of death
 H - a staff of cold
 O - the staff of poison "Yrchuawon" {rPois rN+ rCorr Str+3}
   (You took it off a yaktaur on level 10 of the Dungeon)

   [staff of poison]

   Base accuracy: +5 Base damage: 5 Base attack delay: 1.2 This weapon's minimum
   attack delay (0.6) is reached at skill level 12.
   Str:       It affects your strength (+3).
   rPois:     It protects you from poison.
   rN:        It protects you from negative energy.
   rCorr:     It protects you from acid and corrosion.
   It falls into the 'Staves' category.
   It is a one-handed weapon.
Jewellery
 n - an amulet of magic regeneration (around neck)
 r - a +4 ring of protection (left hand)
 t - a ring of willpower
 u - the amulet of Hyfanabe {rElec Regen+ Str+3}
   (You took it off an ogre mage on level 10 of the Dungeon)

   [amulet of regeneration]

   Str:       It affects your strength (+3).
   rElec:     It insulates you from electricity.
   Regen:     It increases your rate of health regeneration.
 y - a ring of positive energy
 z - an amulet of faith
 D - the ring of Terra Nullius (right hand) {rF++ Str+2 Int+5 Dex+6}
   (You found it on level 5 of the Dungeon)

   [ring of dexterity]

   Str:       It affects your strength (+2).
   Int:       It affects your intelligence (+5).
   Dex:       It affects your dexterity (+6).
   rF:        It greatly protects you from fire.
 F - a ring of protection from cold
Wands
 j - a wand of charming (7)
 A - a wand of flame (16)
 Y - a wand of mindburst (10)
Scrolls
 a - a scroll of acquirement {unknown}
 g - 6 scrolls of teleportation
 k - 3 scrolls of fog
 l - a scroll of butterflies {unknown}
 q - 3 scrolls of magic mapping {unknown}
 v - a scroll of blinking {unknown}
 w - a scroll of vulnerability {unknown}
 K - 2 scrolls of enchant armour
 N - 3 scrolls of poison
 P - a scroll of brand weapon {unknown}
 V - a scroll of immolation {unknown}
 W - a scroll of fear {unknown}
Potions
 b - 5 potions of magic
 c - 8 potions of curing
 d - 3 potions of brilliance
 f - 3 potions of berserk rage
 h - a potion of mutation {unknown}
 i - 2 potions of might
 m - 9 potions of invisibility
 o - 2 potions of lignification {unknown}
 p - 2 potions of flight
 s - 2 potions of cancellation {unknown}
 B - a potion of degeneration {unknown}
 G - 6 potions of heal wounds
 I - 5 potions of attraction
 U - 2 potions of ambrosia {unknown}
 Z - a potion of resistance {unknown}
Miscellaneous
 X - a phial of floods


   Skills:
 - Level 5.0 Fighting
 + Level 13.6 Maces & Flails
 - Level 5.0 Armour
 - Level 2.0 Dodging
 - Level 2.0 Stealth
 - Level 5.0 Spellcasting
 - Level 12.0 Necromancy
 - Level 12.0 Invocations


You had 3 spell levels left.
You knew the following spells:

 Your Spells              Type           Power      Damage    Failure   Level
a - Necrotise             Necr           100%       1d9       1%          1
b - Vampiric Draining     Necr           77%        2d11      1%          3
c - Animate Dead          Necr           77%        N/A       1%          4
d - Agony                 Necr           77%        N/A       1%          5
e - Death Channel         Necr           38%        N/A       6%          6

Your spell library contained the following spells:

 Spells                   Type           Power      Damage    Failure   Level
 Freeze                   Ice            36%        1d5       5%          1
 Sandblast                Erth           18%        2d7       5%          1
 Passwall                 Tmut/Erth      7%         N/A       9%          2
 Scorch                   Fire           18%        2d5       9%          2
 Static Discharge         Conj/Air       18%        2-3/arc   9%          2
 Frozen Ramparts          Ice            18%        1d3       16%         3
 Hailstorm                Conj/Ice       9%         3d4       16%         3
 Inner Flame              Hex/Fire       9%         N/A       16%         3
 Stone Arrow              Conj/Erth      18%        3d8       16%         3
 Tukima's Dance           Hex            9%         N/A       16%         3
 Anguish                  Hex/Necr       25%        N/A       4%          4
 Airstrike                Air            4%         2d(1-17)  47%         4
 Flame Wave               Conj/Fire      9%         2d6       47%         4
 Ice Form                 Ice/Tmut       9%         N/A       47%         4
 Passage of Golubria      Tloc           9%         N/A       47%         4
 Summon Ice Beast         Ice/Summ       9%         N/A       47%         4
 Summon Lightning Spire   Summ/Air       9%         N/A       47%         4
 Iskenderun's Battlesphe  Conj           9%         2d6       83%         5
 Yara's Violent Unravell  Hex/Tmut       4%         3d4       83%         5
 Iron Shot                Conj/Erth      4%         9d2       100%        6
 Summon Cactus Giant      Summ           4%         N/A       100%        6
 Enfeeble                 Hex            4%         N/A       100%        7
 Spellforged Servitor     Conj/Summ      4%         N/A       100%        7


Dungeon Overview and Level Annotations

Branches:
Dungeon (13/15)            Temple (1/1) D:4            Lair (0/5) D:10
    Orc (0/2) D:10         Bailey (visited)
 Vaults: D:13-14

Altars:
Ashenzari
Cheibriados
Dithmenos
Elyvilon
Fedhas
Gozag
Hepliaklqana
Kikubaaqudgha
Makhleb
Nemelex Xobeh
Okawaru
Qazlal
Ru
Sif Muna
Trog
Uskayaw
Vehumet
Wu Jian
Xom
Yredelemnul
Zin
The Shining One

Annotations:
D:11 1 runed translucent door


Message History

The troll leather armour {Snorg} is intact enough to wear.
You feel life coursing into your body. Something hits you but does no damage.
The vault guard hits you from afar with a +3 bardiche!!
* * * LOW HITPOINT WARNING * * *
The human hits your human zombie!
Something hits your human zombie but does no damage.
You hear some strange, mumbled words.
A shard of ice appears from out of thin air!
The shard of ice hits you!! You partially resist.
* * * LOW HITPOINT WARNING * * *
Unknown command.
You step out of the flow of time.
You return to the normal time flow.
Cheibriados lowers the support of your attributes as your movement quickens.
Unknown command.
Unknown command.
Unknown command.
You see here a +0 shortbow.
You closely miss the human.
The human shouts!
The human misses you.
Unknown command.
You thump the human! You freeze the human.
The human is heavily wounded.
Unknown command.
You closely miss the human. Your punch misses the human.
The human is heavily wounded.
The human hits you.
* * * LOW HITPOINT WARNING * * *
Unknown command.
You sock the human! You freeze the human.
The human is severely wounded.
The human misses you.
Unknown command.
You sock the human! You freeze the human.
You kill the human!
Cheibriados appreciates the change of pace.
Unknown command.
The human shouts!
You hear a shout!
The vault guard hits you from afar with a +3 bardiche!!
You die...

#.# #...p.#†## ####.#
##+++ #.# #....# #)#####
###....# #!....# .......#
#.[...# .......# #(....#
.......# #)....#
+##....#############.....#
..........[.....@...).####
##.....#.........#.##.#
##....#........p#.##.#
#....#.........#p##.#
####...........#.##.#
##..........#....#
#................
#................
#................


You could see a vault guard.

Vanquished Creatures
  Snorg (D:13)
  5 centaur warriors
  A hydra (D:10)
  An ogre mage (D:10)
  A boulder beetle (D:10)
  2 tengu warriors (D:12)
  2 two-headed ogres (D:10)
  Pikel (D:9)
  A wizard (D:13)
  A deep elf pyromancer (D:12)
  An orc knight (Bailey)
  A necromancer (D:13)
  An ugly thing (D:11)
  3 manticores
  A gargoyle (D:12)
  2 unseen horrors
  A yaktaur (D:10)
  An unseen horror zombie (D:13)
  2 komodo dragons (D:11)
  Maggie (D:8)
  2 kobold demonologists (D:9)
  3 trolls
  3 hornets
  A spriggan (D:12)
  A shadow (D:12)
  A wraith (D:11)
  5 wyverns
  8 humans (D:13)
  2 basilisks
  2 hogs (D:13)
  14 yaks
  2 steam dragons
  2 acid dragons
  3 water moccasins
  2 ice beasts
  3 orc warriors
  2 black bears
  A sky beast (D:7)
  An ogre (D:4)
  2 centaurs
  3 wolves (D:9)
  2 lemures (D:9)
  12 kobold brigands
  2 phantoms
  4 bullfrogs
  2 gnoll sergeants
  A scorpion (D:10)
  7 wights
  20 killer bees
  Crazy Yiuf (D:7)
  3 hounds
  5 orc priests
  3 jellies
  A gnoll bouda (D:5)
  6 iguanas
  5 orc wizards
  5 adders
  22 gnolls
  3 shadow imps
  2 white imps
  2 ufetubi
  2 worms (D:2)
  2 dart slugs
  37 orcs
  5 endoplasms
  A giant cockroach (D:3)
  9 goblins
  5 hobgoblins
  4 ball pythons
  5 bats
  A frilled lizard (D:2)
  15 kobolds
  6 rats
  A spectral hobgoblin (D:1)
294 creatures vanquished.

Vanquished Creatures (collateral kills)
  Kirke (D:13)
  A necromancer (D:13)
  A shadow (D:10)
  A wraith (D:9)
  Grum (D:9)
  4 yaks
  3 humans (D:13)
  An orc warrior (D:11)
  An ice beast (D:7)
  A centaur (D:11)
  5 kobold brigands (D:10)
  A scorpion (D:4)
  3 wights
  A gnoll (D:11)
  3 orcs
  A giant cockroach (D:2)
  2 goblins (D:11)
  A quokka (D:4)
  2 ball pythons
  A frilled lizard (D:2)
  4 kobolds
39 creatures vanquished.

Vanquished Creatures (others)
  A human (D:13)
  A two-headed ogre zombie (D:10)
  A hog zombie (D:13)
  A wyvern zombie (D:9)
  2 water moccasin zombies (D:10)
  6 yak zombies
  A human zombie (D:13)
  A scorpion zombie (D:10)
  An orc wizard (D:7)
  7 killer bee zombies
  A gnoll (D:8)
  An iguana zombie (D:7)
  5 orc zombies
  3 gnoll zombies (D:8)
  6 kobold zombies (D:10)
38 creatures vanquished.

Grand Total: 371 creatures vanquished

Notes
Turn   | Place    | Note
-------+----------+-------------------------------------------
     0 | D:1      | cdecastro the Human Necromancer began the quest for the
                  | Orb.
     0 | D:1      | Reached XP level 1. HP: 13/13 MP: 3/3
   400 | D:1      | Reached XP level 2. HP: 11/19 MP: 0/5
   505 | D:1      | Found a faded altar of an unknown god.
  1060 | D:2      | Reached XP level 3. HP: 24/24 MP: 3/6
  1079 | D:2      | Found an opulent altar of Gozag.
  1103 | D:2      | Reached skill level 5 in Necromancy
  1185 | D:2      | Learned a level 3 spell: Vampiric Draining
  1400 | D:2      | Reached XP level 4. HP: 30/30 MP: 4/7
  1954 | D:3      | Found a snail-covered altar of Cheibriados.
  2000 | D:3      | Reached XP level 5. HP: 18/35 MP: 2/8
  2330 | D:3      | Became a worshipper of Cheibriados the Contemplative
  2442 | D:4      | Reached XP level 6. HP: 39/41 MP: 5/9
  2611 | D:4      | Learned a level 4 spell: Animate Dead
  2624 | D:4      | Noticed an ogre
  2638 | D:4      | Killed an ogre
  2877 | D:4      | Reached XP level 7. HP: 45/46 MP: 4/10
  3164 | D:4      | Found a staircase to the Ecumenical Temple.
  3215 | Temple   | Entered the Ecumenical Temple
  3302 | D:5      | Entered Level 5 of the Dungeon
  3499 | D:5      | Reached * piety under Cheibriados
  3561 | D:5      | Reached XP level 8. HP: 34/52 MP: 0/11
  3739 | D:5      | Identified the ring of Terra Nullius {rF++ Str+2 Int+5
                  | Dex+6}
  3844 | D:5      | Found a shimmering blue altar of Sif Muna.
  4101 | D:5      | Found a broken altar of Ashenzari.
  4591 | D:6      | Reached skill level 10 in Necromancy
  5208 | D:6      | Reached skill level 1 in Invocations
  5242 | D:6      | Reached ** piety under Cheibriados
  5521 | D:7      | Reached XP level 9. HP: 57/57 MP: 15/15
  5529 | D:7      | Found a shadowy altar of Dithmenos.
  5580 | D:7      | Reached skill level 5 in Spellcasting
  5580 | D:7      | Reached skill level 1 in Fighting
  5586 | D:7      | Learned a level 5 spell: Agony
  5774 | D:7      | Noticed a troll
  5787 | D:7      | Killed a troll
  6205 | D:7      | Noticed a hornet
  6212 | D:7      | Killed a hornet
  6213 | D:7      | Reached skill level 5 in Fighting
  6345 | D:7      | Found a runed translucent door.
  6346 | D:7      | Noticed Crazy Yiuf
  6357 | D:7      | Killed Crazy Yiuf
  6361 | D:7      | Identified the +11 hammer "Quass" {distort, *Rage rF++
                  | rCorr Int+3}
  6362 | D:7      | Identified the +11 hammer of Absolution {freeze, rElec rC+
                  | Str+2 Dex+4}
  6723 | D:8      | Reached XP level 10. HP: 74/74 MP: 17/17
  6726 | D:8      | Reached *** piety under Cheibriados
  6727 | D:8      | Reached skill level 5 in Armour
  6869 | D:8      | Reached skill level 2 in Maces & Flails
  6980 | D:8      | Reached skill level 4 in Maces & Flails
  7040 | D:8      | Noticed Maggie
  7052 | D:8      | Killed Maggie
  7053 | D:8      | Reached skill level 5 in Maces & Flails
  7160 | D:8      | Found a glowing golden altar of the Shining One.
  7470 | D:8      | Reached skill level 6 in Maces & Flails
  8245 | D:9      | Noticed a kobold demonologist
  8246 | D:9      | Noticed Pikel
  8335 | D:9      | Killed Pikel
  8336 | D:9      | Reached skill level 7 in Maces & Flails
  8353 | D:9      | Killed a kobold demonologist
  8372 | D:9      | Noticed a manticore
  8376 | D:9      | Killed a manticore
  8377 | D:9      | Reached skill level 8 in Maces & Flails
  8439 | D:9      | Reached **** piety under Cheibriados
  8503 | D:9      | Reached XP level 11. HP: 69/78 MP: 15/18
  8512 | D:9      | Reached skill level 9 in Maces & Flails
  8534 | D:9      | Found an opulent altar of Gozag.
  8549 | D:9      | Found a hazy altar of Hepliaklqana.
  8562 | D:9      | Noticed Grum
  8581 | D:9      | Killed Grum
  8582 | D:9      | Reached skill level 10 in Maces & Flails
  8754 | D:9      | Got the Secrets of Tephra and Bones
  8889 | D:9      | Noticed a centaur warrior
  8900 | D:9      | Noticed a centaur warrior
  9134 | D:1      | Reached ***** piety under Cheibriados
  9383 | D:9      | Killed a centaur warrior
  9417 | D:9      | Killed a centaur warrior
  9418 | D:9      | Reached skill level 11 in Maces & Flails
  9689 | D:10     | Entered Level 10 of the Dungeon
  9740 | D:10     | Found a flagged portal.
  9758 | Bailey   | Entered a bailey
  9924 | Bailey   | Noticed an orc knight
  9934 | Bailey   | Killed an orc knight
  9935 | Bailey   | Reached skill level 5 in Invocations
 10184 | D:10     | Found a staircase to the Orcish Mines.
 10409 | D:10     | Noticed a two-headed ogre
 10428 | D:10     | Reached XP level 12. HP: 82/86 MP: 13/19
 10437 | D:10     | Killed a two-headed ogre
 10445 | D:10     | Found a staircase to the Lair.
 10451 | D:10     | Reached ****** piety under Cheibriados
 10468 | D:10     | Learned a level 6 spell: Death Channel
 10500 | D:10     | Got the Tome of the Autopsy
 10562 | D:10     | Reached skill level 10 in Invocations
 10813 | D:10     | Found a sacrificial altar of Ru.
 10819 | D:10     | Noticed a two-headed ogre
 10826 | D:10     | Killed a two-headed ogre
 11254 | D:10     | Identified the +4 dagger "Newtslayer" {pain, +Blink rF+
                  | Str+2 Int-3}
 11326 | D:10     | Noticed an ogre mage
 11547 | D:10     | Identified the amulet of Hyfanabe {rElec Regen+ Str+3}
 11554 | D:10     | Killed an ogre mage
 11606 | D:10     | Identified the staff of poison "Yrchuawon" {rPois rN+ rCorr
                  | Str+3}
 11609 | D:10     | Noticed a centaur warrior
 11646 | D:10     | Noticed a centaur warrior
 11659 | D:10     | Killed a centaur warrior
 11798 | D:11     | Noticed a boulder beetle
 11810 | D:10     | Killed a boulder beetle
 11967 | D:11     | Noticed a seven-headed hydra
 11973 | D:10     | Killed a seven-headed hydra
 12340 | D:11     | Found a runed translucent door.
 12343 | D:11     | Noticed a balrug
 12611 | D:11     | Found an iron altar of Okawaru.
 12745 | D:11     | Reached XP level 13. HP: 78/91 MP: 5/21
 13981 | D:13     | Reached skill level 12 in Maces & Flails
 13987 | D:13     | Noticed a centaur warrior
 13991 | D:13     | Noticed Kirke
 13993 | D:13     | Noticed a centaur warrior
 13997 | D:13     | Killed a centaur warrior
 13997 | D:13     | Killed a centaur warrior
 13998 | D:13     | Reached skill level 13 in Maces & Flails
 14007 | D:13     | Killed Kirke
 14009 | D:13     | Noticed a vault guard
 14009 | D:13     | Noticed Snorg
 14020 | D:13     | Killed Snorg
 14036 | D:13     | Slain by a vault guard

Illustrated notes

Levels and vault maps discovered:
D:1:      dpeg_arrival_radiant, layout_loops_corners,
          dreamdust_ecumenical_altar_drowned_temple, minivault_14, st_stairs_5,
          minmay_curled_crystal
D:2:      layout_basic, basic_altar
D:3:      layout_basic, mainiacjoe_overflow_surrounded_room
D:4:      layout_rooms, minmay_temple_entry_purple_smoke, dk_noncrumbling_3
D:5:      layout_loops_corners, mainiacjoe_overflow_tiny_flanked,
          nicolae_overflow_crystal_walls, grunt_decor_arrowhead,
          kennysheep_generic_room_16
D:6:      layout_basic
D:7:      layout_loops_corners, mainiacjoe_overflow_brackets,
          uniq_crazy_yiuf_cottage
D:8:      layout_layer_cave, lemuel_coloured_pillars_altar, uniq_maggie
D:9:      nzn_winding_woodlands_small [nzn_winding_woodlands_5x15_split_checker,
          nzn_winding_woodlands_center_diamonds,
          nzn_winding_woodlands_5x15_pathside_ponds], layout_loops_ring,
          mainiacjoe_overflow_cross_hatched, grunt_gozag_statues,
          minmay_misc_feat_doors, uniq_pikel, uniq_grum
D:10:     layout_loops_ring, nicolae_ru_sacrificial_ziggurat,
          minmay_lair_entry_grove, orc_0_dummy, special_room
          [special_room_kobold], enter_bailey_3, minmay_diamond_spiral
D:11:     dreamdust_dug_too_deep, layout_gridville, kennysheep_okawaru_gauntlet
D:12:     layout_irregular_city, the_hattery
D:13:     layout_basic, grunt_vaults_entry_tiered, uniq_kirke, uniq_snorg
Temple:   nicolae_temple_ecumenical_triangle

Skill      XL: |  1  2  3  4  5  6  7  8  9 10 11 12 13 |
---------------+----------------------------------------+-----
Necromancy     | 5 6 7 9 10 12 | 12.0
Invocations    | 3 7 11 12 | 12.0
Spellcasting   | 4 5 |  5.0
Fighting       | 5 |  5.0
Armour         | 4 5 |  5.0
Maces & Flails | 8 11 13 | 13.6
Dodging        | |  2.0
Stealth        | |  2.0

Action                     |  1- 3 |  4- 6 |  7- 9 | 10-12 | 13-15 || total
---------------------------+-------+-------+-------+-------+-------++-------
  Melee: Dagger            |    27 |    52 |     5 |       |       ||    84
         Trident           |       |       |     4 |       |       ||     4
         Mace              |       |       |    23 |   324 |    66 ||   413
         Punch             |       |       |       |     4 |     1 ||     5
   Fire: Sling             |       |     1 |   283 |       |       ||   284
  Throw: Dart              |       |     2 |     2 |     2 |       ||     6
         Boomerang         |       |       |       |     1 |       ||     1
   Cast: Necrotise         |    59 |    69 |     5 |       |       ||   133
         Vampiric Draining |       |     9 |    53 |    69 |    10 ||   141
         Agony             |       |       |     8 |    16 |     5 ||    29
         Animate Dead      |       |       |     2 |    11 |     3 ||    16
         Death Channel     |       |       |       |     5 |     3 ||     8
 Invoke: Slouch            |       |       |       |     1 |     2 ||     3
         Step From Time    |       |       |       |     1 |     1 ||     2
  Evoke: Wand              |       |       |       |     1 |       ||     1
    Use: Scroll            |       |       |       |    10 |     5 ||    15
   Stab: Sleeping          |       |       |       |    14 |     1 ||    15
         Distracted        |       |       |       |     6 |     6 ||    12
 Armour: Leather armour    |    16 |    30 |    14 |       |       ||    60
         Robe              |     1 |       |       |       |       ||     1
         Ring mail         |       |       |   155 |   236 |    57 ||   448
         Troll leather arm |       |       |    36 |    31 |       ||    67
  Dodge: Dodged            |    21 |    68 |   264 |   359 |    72 ||   784
